 Dungeon Crawl Stone Soup version 0.22-a0-750-ga7dcef7 (webtiles) character file.

24552 KyrpaJooseppi the Cruncher (level 13, 0/103 HPs)
             Began as a Human Gladiator on July 14, 2018.
             Was the Champion of Okawaru.
             Hit by a large rock thrown by a cyclops (37 damage)
             ... on level 13 of the Dungeon on July 15, 2018.
             The game lasted 01:12:40 (15099 turns).

KyrpaJooseppi the Cruncher (Human Gladiator)       Turns: 15099, Time: 01:12:40

Health: 0/103      AC: 13    Str: 16    XL:     13   Next: 43%
Magic:  18/18      EV: 17    Int: 18    God:    Okawaru [******]
Gold:   863        SH:  0    Dex: 15    Spells: 5/19 levels left

rFire    + . .     SeeInvis +   a - +4 quarterstaff of the Wasteland {freeze, +Blink +Rage Int+6}
rCold    . . .     Gourm    +   (shield currently unavailable)
rNeg     . . .     Faith    .   z - +2 ring mail {MR+}
rPois    .         Spirit   .   c - +0 helmet
rElec    .         Reflect  .   V - +0 cloak
rCorr    .         Harm     .   D - +0 pair of gloves
MR       +....                  p - +0 pair of boots
Stlth    +.........             G - amulet of the gourmand
HPRegen  0.27/turn              I - ring of see invisible
MPRegen  0.16/turn              F - ring of protection from fire

@: no status effects
A: no striking features
a: Heroism, Finesse, Renounce Religion, Evoke Blink, Evoke Berserk Rage


You were on level 13 of the Dungeon.
You worshipped Okawaru.
Okawaru was exalted by your worship.
You were very full.

You visited 1 branch of the dungeon, and saw 13 of its levels.
You also visited: Labyrinth.

You collected 1241 gold pieces.
You spent 378 gold pieces at shops.

Inventory:

Hand Weapons
 a - the +4 quarterstaff of the Wasteland (weapon) {freeze, +Blink +Rage Int+6}
   (Okawaru gifted it to you on level 8 of the Dungeon)

   It has been specially enchanted to freeze those struck by it, causing extra
   injury to most foes and up to half again as much damage against particularly
   susceptible opponents.
   It can also slow down cold-blooded creatures.
   It affects your intelligence (+6).
   It lets you blink.
   It lets you go berserk.
 b - the +10 hunting sling "Urecheom" {venom, rElec rPois rF- Stlth+}
   (You took it off a big kobold on level 10 of the Dungeon)

   It poisons the ammo it fires.
   It makes you vulnerable to fire.
   It insulates you from electricity.
   It protects you from poison.
   It makes you more stealthy.
 f - a +3 scimitar of flaming
 v - a +0 blowgun
 J - a +2 vampiric demon trident
Missiles
 d - 23 curare-tipped needles
 C - 3 javelins of returning (quivered)
 P - 52 sling bullets
 S - 7 poisoned javelins
Armour
 c - a +0 helmet (worn)
 p - a +0 pair of boots (worn)
 q - a scarf of spirit shield
 z - a +2 ring mail of magic resistance (worn)
 D - a +0 pair of gloves (worn)
 V - a +0 cloak (worn)
Jewellery
 m - an uncursed ring of protection from magic
 A - an uncursed amulet of the acrobat
 F - a ring of protection from fire (right hand)
 G - an amulet of the gourmand (around neck)
 I - a ring of see invisible (left hand)
 M - an uncursed amulet of magic regeneration
 W - an uncursed ring of wizardry
Wands
 i - a wand of scattershot (1)
 n - a wand of polymorph (27)
 B - a wand of paralysis (2)
 L - a wand of acid (5)
 O - a wand of digging (21)
 U - a wand of iceblast (12)
Scrolls
 l - 4 scrolls of magic mapping
 o - a scroll of fog
 r - 2 scrolls of torment
 s - 3 scrolls of enchant weapon
 t - 5 scrolls of remove curse
 u - 2 scrolls of amnesia
 y - 4 scrolls of teleportation
 E - 5 scrolls of enchant armour
 H - 3 scrolls of blinking
 Q - a scroll of immolation
Potions
 e - 2 potions of ambrosia
 g - 4 potions of cancellation
 h - a potion of haste
 j - 2 potions of magic
 k - 4 potions of curing
 w - 2 potions of mutation
 K - 3 potions of heal wounds
 N - 2 potions of lignification
 R - a potion of flight
 T - a potion of invisibility
Comestibles
 x - 17 rations


   Skills:
 - Level 10.1 Fighting
 + Level 11.3 Staves
 + Level 8.6(8.7) Slings
 - Level 2.0(5.7) Throwing
 - Level 5.0 Armour
 - Level 10.2 Dodging
 - Level 3.7 Spellcasting
 - Level 4.1 Air Magic
 - Level 3.8 Invocations
 - Level 4.0 Evocations


You had 5 spell levels left.
You knew the following spells:

 Your Spells              Type           Power        Failure   Level  Hunger
b - Blink                 Tloc           N/A          38%         2    ##.....
c - Conjure Flame         Conj/Fire      #.......     63%         3    ###....
l - Summon Lightning Spi  Summ/Air       ##......     75%         4    ####...
r - Regeneration          Chrm/Necr      #.........   63%         3    ###....
z - Poisonous Vapours     Pois/Air       ##....       19%         2    ##.....

Your spell library contained the following spells:

 Spells                   Type           Power        Failure   Level  Hunger
 Cause Fear               Hex            #.........   95%         4    ####...
 Magic Dart               Conj           #...         26%         1    None
 Slow                     Hex            #.......     38%         2    ##.....
 Confuse                  Hex            #.......     63%         3    ###....
 Mephitic Cloud           Conj/Pois/Air  #.......     43%         3    ###....
 Venom Bolt               Conj/Pois      #.........   100%        5    ######.
 Olgreb's Toxic Radiance  Pois           #.......     95%         4    ####...
 Summon Small Mammal      Summ           #...         26%         1    None
 Animate Dead             Necr           N/A          95%         4    ####...
 Pain                     Necr           #...         26%         1    None
 Animate Skeleton         Necr           N/A          26%         1    None
 Vampiric Draining        Necr           #.........   63%         3    ###....
 Summon Ice Beast         Ice/Summ       #.......     95%         4    ####...
 Call Imp                 Summ           #.......     38%         2    ##.....
 Sting                    Conj/Pois      #...         26%         1    None
 Tukima's Dance           Hex            #.......     63%         3    ###....
 Deflect Missiles         Chrm/Air       ##........   100%        6    #######
 Call Canine Familiar     Summ           #.......     63%         3    ###....
 Ensorcelled Hibernation  Hex/Ice        #.....       38%         2    ##.....
 Corona                   Hex            #......      26%         1    None
 Excruciating Wounds      Chrm/Necr      #.........   100%        5    ######.
 Darkness                 Hex            #.........   100%        6    #######
 Shroud of Golubria       Chrm/Tloc      #.........   38%         2    ##.....
 Inner Flame              Hex/Fire       #.......     63%         3    ###....
 Dazzling Spray           Conj/Hex       #.....       63%         3    ###....
 Infusion                 Chrm           #...         26%         1    None
 Song of Slaying          Chrm           #.......     38%         2    ##.....
 Spectral Weapon          Hex/Chrm       #.......     63%         3    ###....
 Summon Guardian Golem    Hex/Summ       #.......     63%         3    ###....
 Summon Mana Viper        Hex/Summ       #.......     100%        5    ######.


Dungeon Overview and Level Annotations

Branches:
Dungeon (13/15) Temple (0/1) D:4 Lair (0/6) D:8 Orc (0/2) D:9 Vaults (0/5) D:12 D:13

Altars:
Gozag
Makhleb
Okawaru
Qazlal
Uskayaw
Wu Jian
Xom
Yredelemnul
Zin
The Shining One

Shops:
D:8 ?   D:9 [(   D:12 !

Portals:
Trove: D:10 (give 5 potions of resistance)


Message History

You see here an arrow.
There is a stone staircase leading up, spattered with blood here.
Things that are here:
3 javelins of returning; an arrow
C - 3 javelins of returning
There is a stone staircase leading up here.
Things that are here:
2 arrows; a human skeleton A cyclops comes into view.
The cyclops shouts!
The cyclops throws a large rock.
The large rock hits you.
You see here a large rock.
A two-headed ogre comes into view.
It is wielding a giant spiked club and a giant club.
The two-headed ogre shouts in stereo!
The cyclops throws a large rock.
The large rock closely misses you.
You see here 2 poisoned javelins.
As you read the scroll of fog, it crumbles to dust.
The scroll dissolves into smoke.
The cyclops throws a large rock.
The large rock hits you!!!
You die...

#.............#
#.........(...# #
##......[((....# #.
........><.....#
#.....##.....<∩.....#
#.....##............# ####
#...(.##§...........#
...##....§##§(..........#
#.#.......§§@§§..........#
#. #..?...>§§§....#####..#
#. #...C..§...§....... .##
###.##..............#### #
#.......O...........#
###...................#
....#..#..............#
...........(..........#
..####...........#


You could see a two-headed ogre and a cyclops.

Vanquished Creatures
  A minotaur (Lab)
  Snorg (D:10)
  A hydra (D:13)
  Harold (D:10)
  Erolcha (D:10)
  A centaur warrior (D:13)
  Erica (D:8)
  6 two-headed ogres
  Urug (D:13)
  Sonja (D:10)
  An orc knight (D:11)
  Pikel (D:7)
  Joseph (D:9)
  A queen bee (D:10)
  3 trolls
  3 hippogriffs
  Sigmund (D:2)
  A wraith (D:10)
  A wyvern (D:12)
  12 yaks
  16 humans
  Grum (D:9)
  A steam dragon (D:8)
  A basilisk (D:12)
  Menkaure (D:7)
  Duvessa (D:6)
  A water moccasin (D:9)
  2 porcupines (D:8)
  A sky beast (D:9)
  3 black bears
  2 necrophages
  8 orc warriors
  2 eyes of draining (D:12)
  7 ogres
  3 phantoms
  2 centaurs
  5 crocodiles (D:8)
  2 wolves (D:9)
  3 big kobolds
  8 bullfrogs
  Dowan (D:6)
  6 scorpions
  2 wyvern skeletons
  10 killer bees
  3 wights (D:7)
  A centaur zombie (D:7)
  A bullfrog zombie (D:13)
  3 crimson imps
  8 hounds
  6 orc priests
  2 bullfrog skeletons
  5 iguanas
  3 jellies
  4 centaur skeletons
  Jessica (D:2)
  10 orc wizards
  7 worker ants
  A killer bee zombie (D:7)
  A hound skeleton (D:7)
  2 hound zombies
  A worker ant zombie (D:5)
  7 adders
  4 gnolls (D:6)
  2 shadow imps
  An ooze (D:1)
  2 adder skeletons (D:4)
  3 worms
  A dart slug (D:1)
  3 leopard geckos
  70 orcs
  3 giant cockroaches
  5 goblins
  4 hobgoblins
  6 jackals
  6 quokkas
  2 ball pythons
  A ball python zombie (D:6)
  9 bats
  7 frilled lizards
  2 jackal skeletons (D:4)
  23 kobolds
  A quokka skeleton (D:4)
  7 rats
357 creatures vanquished.

Vanquished Creatures (others)
  An orc (D:7)
  A bush (D:8)
  2 fungi (D:8)
  11 plants (D:8)
15 creatures vanquished.

Grand Total: 372 creatures vanquished

Notes
Turn   | Place    | Note
-------+----------+-------------------------------------------
     0 | D:1      | KyrpaJooseppi the Human Gladiator began the quest for the Orb.
     0 | D:1      | Reached XP level 1. HP: 16/16 MP: 1/1
   124 | D:1      | Reached XP level 2. HP: 22/22 MP: 2/2
   201 | D:1      | Found an iron altar of Okawaru.
   248 | D:1      | Became a worshipper of Warmaster Okawaru
   377 | D:1      | Reached XP level 3. HP: 22/28 MP: 3/3
   911 | D:2      | Noticed Sigmund
  1478 | D:2      | Noticed Jessica
  1494 | D:2      | Killed Jessica
  1494 | D:2      | Reached XP level 4. HP: 36/36 MP: 4/4
  1680 | D:2      | Found an ornate altar of the Wu Jian Council.
  1695 | D:2      | Found an opulent altar of Gozag.
  1783 | D:2      | You fall through a shaft for 2 floors!
  1784 | D:4      | Found a burning altar of Makhleb.
  1799 | D:4      | Reached XP level 5. HP: 34/43 MP: 5/5
  1884 | D:4      | Reached * piety under Okawaru
  2191 | D:2      | Killed Sigmund
  2191 | D:2      | Reached XP level 6. HP: 14/50 MP: 3/8
  2599 | D:3      | Reached skill level 5 in Fighting
  2664 | D:3      | Reached ** piety under Okawaru
  2664 | D:3      | Reached XP level 7. HP: 50/56 MP: 9/9
  2866 | D:3      | Learned a level 3 spell: Mephitic Cloud
  2870 | D:3      | Learned a level 3 spell: Conjure Flame
  3836 | D:4      | Found a staircase to the Ecumenical Temple.
  3927 | D:4      | Reached XP level 8. HP: 53/67 MP: 10/10
  4354 | D:5      | Entered Level 5 of the Dungeon
  4374 | D:5      | Found a hide-covered altar of Uskayaw.
  4374 | D:5      | Noticed a dagger
  4374 | D:5      | Noticed a hand axe
  4752 | D:5      | Reached *** piety under Okawaru
  4758 | D:5      | Learned a level 2 spell: Poisonous Vapours
  4787 | D:5      | Reached skill level 1 in Spellcasting
  4924 | D:5      | Reached skill level 1 in Air Magic
  5463 | D:5      | Found a glowing silver altar of Zin.
  5472 | D:5      | Found a basalt altar of Yredelemnul.
  5708 | D:6      | Noticed Dowan
  5708 | D:6      | Noticed Duvessa
  5719 | D:6      | Killed Duvessa
  5719 | D:6      | Reached skill level 1 in Armour
  5727 | D:6      | Killed Dowan
  5727 | D:6      | Reached XP level 9. HP: 36/74 MP: 2/11
  5851 | D:6      | Found a stormy altar of Qazlal.
  6048 | D:6      | Learned a level 2 spell: Blink
  6200 | D:6      | Reached skill level 1 in Evocations
  6447 | D:7      | Noticed Menkaure
  6457 | D:7      | Killed Menkaure
  6489 | D:7      | Noticed Pikel
  6499 | D:7      | Killed Pikel
  6499 | D:7      | Reached **** piety under Okawaru
  6804 | D:7      | Reached skill level 5 in Dodging
  7271 | D:8      | Found Juacso Pab's Magic Scroll Shoppe.
  7358 | D:8      | Received a gift from Okawaru
  7382 | D:8      | Bought a scroll of remove curse for 36 gold pieces
  7382 | D:8      | Bought a scroll of magic mapping for 42 gold pieces
  7382 | D:8      | Bought a scroll of identify for 24 gold pieces
  7382 | D:8      | Bought a scroll of identify for 24 gold pieces
  7382 | D:8      | Bought a scroll of identify for 24 gold pieces
  7382 | D:8      | Bought a scroll of identify for 24 gold pieces
  7382 | D:8      | Bought a scroll of identify for 24 gold pieces
  7390 | D:8      | Bought a scroll of enchant armour for 90 gold pieces
  7390 | D:8      | Bought a scroll of torment for 90 gold pieces
  7445 | D:8      | Reached XP level 10. HP: 63/80 MP: 1/13
  7548 | D:8      | Noticed a two-headed ogre
  7553 | D:8      | Noticed Erica
  7559 | D:8      | Killed a two-headed ogre
  7563 | D:8      | Found a staircase to the Lair.
  7563 | D:8      | Noticed a two-headed ogre
  7568 | D:8      | Found a shimmering altar of Xom.
  7800 | D:8      | Killed Erica
  7800 | D:8      | Reached ***** piety under Okawaru
  8613 | D:8      | Noticed a two-headed ogre
  8630 | D:8      | Killed a two-headed ogre
  8630 | D:8      | Received a gift from Okawaru
  8630 | D:8      | Reached skill level 10 in Dodging
  8630 | D:8      | Reached XP level 11. HP: 70/89 MP: 1/14
  8959 | D:8      | Received a gift from Okawaru
  8959 | D:8      | Reached skill level 10 in Fighting
  8960 | D:8      | Got a transparent quarterstaff {god gift}
  8962 | D:8      | Identified the +4 quarterstaff of the Wasteland {freeze, +Blink +Rage Int+6} (Okawaru gifted it to you on level 8 of the Dungeon)
  9096 | D:8      | Killed a two-headed ogre
  9434 | D:9      | Noticed Joseph
  9443 | D:9      | Killed Joseph
  9443 | D:9      | Reached skill level 4 in Staves
  9704 | D:9      | Reached skill level 5 in Staves
  9857 | D:9      | Found Jafetoet's Armour Emporium.
  9857 | D:9      | Found a staircase to the Orcish Mines.
  9861 | D:9      | Found Ifoa's Weapon Emporium.
  9910 | D:9      | Learned a level 4 spell: Summon Lightning Spire
  9972 | D:9      | Noticed a purple ugly thing
  9981 | D:9      | Noticed a manticore
  9991 | D:9      | Noticed a wizard
 10112 | D:9      | Noticed Grum
 10126 | D:9      | Killed Grum
 10126 | D:9      | Reached skill level 6 in Staves
 10129 | D:9      | Reached skill level 5 in Armour
 10217 | D:9      | Reached ****** piety under Okawaru
 10484 | D:9      | Found a stormy altar of Qazlal.
 10570 | D:10     | Entered Level 10 of the Dungeon
 10671 | D:10     | Noticed an unseen horror
 10672 | D:10     | an unseen horror changed into a queen bee
 10725 | D:10     | Reached skill level 7 in Staves
 10732 | D:10     | Reached XP level 12. HP: 97/97 MP: 9/17
 10896 | D:10     | Got a twisted hunting sling
 10897 | D:10     | Identified the +10 hunting sling "Urecheom" {venom, rElec rPois rF- Stlth+} (You took it off a big kobold on level 10 of the Dungeon)
 11046 | D:10     | Noticed Sonja
 11049 | D:10     | Killed Sonja
 11049 | D:10     | Received a gift from Okawaru
 11049 | D:10     | Reached skill level 1 in Slings
 11050 | D:10     | Got an opal-encrusted scale mail {god gift}
 11063 | D:10     | Identified the +0 scale mail of Doumutoxzo {MR- rCorr SInv Stlth+} (Okawaru gifted it to you on level 10 of the Dungeon)
 11136 | D:10     | Learned a level 3 spell: Regeneration
 11178 | D:10     | Found a portal to a secret trove of treasure.
 11267 | D:10     | Reached skill level 8 in Staves
 11276 | D:10     | Noticed Snorg
 11292 | D:10     | Noticed Harold
 11317 | D:10     | Killed Snorg
 11508 | D:10     | Killed Harold
 11820 | D:10     | Noticed a two-headed ogre
 11844 | D:10     | Killed a two-headed ogre
 11888 | D:10     | Found a glowing golden altar of the Shining One.
 11893 | D:10     | Noticed Erolcha
 11903 | D:10     | Killed Erolcha
 11903 | D:10     | Reached skill level 9 in Staves
 12302 | D:11     | Reached skill level 5 in Slings
 12918 | D:12     | Found a labyrinth entrance.
 12932 | Lab      | Entered a labyrinth
 13342 | Lab      | Noticed a minotaur
 13357 | Lab      | Killed a minotaur
 13421 | Lab      | Identified the Disquisition on Enchantment
 13423 | Lab      | Got an ebony dagger
 13431 | Lab      | Identified Xyabesk's Tome of Protection
 13452 | D:12     | Identified the +6 dagger of Salt {pierce, -Tele rF+ rC+ rN+} (You found it in a labyrinth)
 13467 | D:12     | Noticed a two-headed ogre
 13471 | D:12     | Killed a two-headed ogre
 13471 | D:12     | Reached skill level 10 in Staves
 13681 | D:12     | Reached XP level 13. HP: 103/103 MP: 3/18
 13708 | D:12     | Found Onugoff's Distillery.
 14088 | D:13     | Found a gate to the Vaults.
 14088 | D:13     | Noticed a seven-headed hydra
 14088 | D:13     | Noticed a centaur warrior
 14088 | D:13     | Noticed Urug
 14164 | D:13     | Killed a seven-headed hydra
 14549 | D:12     | Upgraded the game from 0.22-a0-619-ga0c6fd2 to 0.22-a0-750-ga7dcef7
 14569 | D:12     | Received a gift from Okawaru
 14633 | D:13     | Killed a centaur warrior
 14633 | D:13     | Reached skill level 11 in Staves
 14694 | D:13     | Received a gift from Okawaru
 15088 | D:13     | Killed Urug
 15099 | D:13     | Hit by a large rock thrown by a cyclops

Vault maps used:
D:1:      elethiomel_arrival_fortress_basement, okawaru_ov_weapons_minmay
D:2:      lemuel_doored_altar, old_standard_altar, minmay_item_behind_shaft,
          grunt_ministairs_5, minivault_25, uniq_sigmund, uniq_jessica
D:4:      wad_crossroads, makhleb_heckhound_becter, minmay_temple_entry_trees,
          first_ration
D:5:      amethyst_overflow_temple_binary, dancing_weapons_uskayaw
D:6:      basic_altar, serial_bayou_pond_c, wad_woods_river_04, uniq_duvessa
D:7:      kennysheep_flooded_box, uniq_menkaure, uniq_pikel
D:8:      overflow_temple_1_default, minmay_lair_entry_grove, serial_park,
          serial_shops, shop_coins, blue_anna_alchemist,
          kennysheep_generic_room_15, uniq_erica
D:9:      nicolae_overflow_hidden_temple, orc_david_3, minivault_12, uniq_grum,
          uniq_joseph
D:10:     enter_trove_6, nicolae_tso_carved_into_rock, uniq_snorg, uniq_harold,
          uniq_erolcha, uniq_sonja
D:12:     serial_shops, shop, lab_entry_generic
D:13:     david_vaults_3
Lab:      nicolae_lab_dead_adventurers, nicolae_lab_lava,
          nicolae_lab_very_dead_end, labyrinth_skeletal_remains, lab_statue,
          nicolae_lab_diamond

Skill      XL: |  1  2  3  4  5  6  7  8  9 10 11 12 13 |
---------------+----------------------------------------+-----
Fighting       | 3 4 5 7 8 9 10 | 10.1
Invocations    | 3 |  3.8
Spellcasting   | 1 3 |  3.7
Air Magic      | 4 |  4.1
Armour         | 1 3 5 |  5.0
Evocations     | 4 |  4.0
Dodging        | 6 10 | 10.2
Staves         | 7 10 11 | 11.3
Slings         | 6 8 |  8.6
Throwing       | |  2.0

Action                   |  1- 3 |  4- 6 |  7- 9 | 10-12 | 13-15 || total
-------------------------+-------+-------+-------+-------+-------++-------
Melee: Quarterstaff      |    89 |    91 |   301 |   318 |   125 ||   924
       Dagger            |     9 |       |       |       |       ||     9
       Scimitar          |       |       |       |    60 |       ||    60
 Fire: Hunting sling     |       |       |    34 |    62 |       ||    96
       Hand crossbow     |       |       |    59 |    23 |       ||    82
Throw: Stone             |     5 |       |       |       |       ||     5
       Throwing net      |     3 |     3 |       |       |     3 ||     9
       Javelin           |       |       |       |       |    11 ||    11
 Cast: Poisonous Vapours |       |       |    28 |    90 |       ||   118
       Blink             |       |       |       |     1 |     3 ||     4
Invok: Heroism           |       |     1 |       |       |       ||     1
 Abil: Evoke Berserk Rag |       |       |       |    10 |     4 ||    14
       Evoke Blink       |       |       |       |     1 |       ||     1
Evoke: Wand              |       |       |     4 |    53 |     8 ||    65
  Use: Scroll            |     2 |     2 |    12 |    17 |     2 ||    35
       Potion            |     2 |     1 |     1 |     5 |       ||     9
 Stab: Held in net/web   |     1 |       |       |       |       ||     1
       Paralysed         |       |       |    14 |    31 |       ||    45
       Sleeping          |       |       |     2 |       |       ||     2
       Invisible         |       |       |       |     1 |       ||     1
  Eat: Chunk             |     1 |     1 |    12 |    47 |    14 ||    75
       Ration            |     1 |       |     2 |     1 |       ||     4
Armor: Leather armour    |    21 |     2 |    88 |    52 |       ||   163
       Ring mail         |    21 |    33 |       |    22 |    42 ||   118
Dodge: Dodged            |    83 |    65 |   210 |   368 |   111 ||   837
       Rpst.: Scimitar   |       |       |       |    15 |       ||    15

Table legend:
 A = Spawn XP
 B = Non-spawn XP
 C = Spawn XP percentage of total XP
 D = Spawn monster count
 E = Non-spawn monster count
 F = Spawn count percentage of total count
 G = Total turns spent on level
                    A         B        C        D         E        F      G
               +---------+---------+-------+---------+---------+-------+---------
         Total |       0 |   35075 |   0.0 |       0 |     357 |   0.0 | 15099
               +---------+---------+-------+---------+---------+-------+---------
           D:1 |       0 |      41 |   0.0 |       0 |      24 |   0.0 |  1193
           D:2 |       0 |     292 |   0.0 |       0 |      15 |   0.0 |  1084
           D:3 |       0 |     270 |   0.0 |       0 |      32 |   0.0 |   876
           D:4 |       0 |     508 |   0.0 |       0 |      28 |   0.0 |  1402
           D:5 |       0 |     425 |   0.0 |       0 |      16 |   0.0 |   950
           D:6 |       0 |     588 |   0.0 |       0 |      16 |   0.0 |   882
           D:7 |       0 |    1395 |   0.0 |       0 |      19 |   0.0 |   985
           D:8 |       0 |    6838 |   0.0 |       0 |      43 |   0.0 |  2062
           D:9 |       0 |    4136 |   0.0 |       0 |      43 |   0.0 |  1185
          D:10 |       0 |    7045 |   0.0 |       0 |      47 |   0.0 |  1384
          D:11 |       0 |    2429 |   0.0 |       0 |      34 |   0.0 |   827
          D:12 |       0 |    5703 |   0.0 |       0 |      26 |   0.0 |  1605
          D:13 |       0 |    4205 |   0.0 |       0 |      13 |   0.0 |   146
           Lab |       0 |    1200 |   0.0 |       0 |       1 |   0.0 |   518
               +---------+---------+-------+---------+---------+-------+---------
